[Event "Targo Mures Open 2019"]
[Site "Targo Mures"]
[Date "2019.10.19"]
[Round "5.2"]
[White "Banzea, Alexandru-Bogdan"]
[Black "Istratescu, Andrei"]
[Result "0-1"]
[ECO "B51"]
[WhiteElo "2389"]
[BlackElo "2564"]
[Annotator "ChessBase"]
[PlyCount "62"]
[EventDate "2019.03.02"]
[EventType "swiss"]
[EventCountry "ROU"]
[SourceTitle "playchess.com"]
[Source "ChessBase"]
[SourceQuality "1"]
[TimeControl "5400+30"]

1. e4 c5 2. Nf3 d6 3. Bb5+ Nd7 4. c3 Ngf6 5. Bd3 b6 6. Bc2 Bb7 7. Qe2 Rc8 8. O-O Qc7 9. d4 cxd4 10. Nxd4 a6 11. Nd2 g6 12. f4 Bg7 13. N2f3 e5 14. Nb3 O-O 15. f5 b5 16. fxg6 hxg6 17. Ng5 b4 18. Bd3 bxc3 19. bxc3 a5 20. Be3 d5 21. exd5 Nxd5 22. Qg4 N7f6 23. Qh4 Qxc3 24. Rad1 a4 25. Nc1 Nh5 26. Ne2 Qb4 27. Qh3 Nxe3 28. Bxg6 Nxd1 29. Bh7+ Kh8 30. Qxh5 Qb6+ 31. Kh1 Qh6 0-1

[Event "Targo Mures Open 2019"]
[Site "Targo Mures"]
[Date "2019.10.19"]
[Round "5.3"]
[White "Anton, Teodor"]
[Black "Stegariu, Alexandru"]
[Result "1-0"]
[ECO "A04"]
[WhiteElo "2445"]
[BlackElo "2146"]
[Annotator "NA"]
[PlyCount "83"]
[EventDate "2019.03.02"]
[EventType "swiss"]
[EventCountry "ROU"]
[SourceTitle "playchess.com"]
[Source "ChessBase"]
[SourceQuality "1"]
[TimeControl "5400+30"]

1. Nf3 c5 2. c4 Nc6 3. g3 e5 4. Nc3 g6 5. Bg2 Bg7 6. O-O Nge7 7. Ne1 O-O 8. Nc2 d6 9. Ne3 Be6 10. Ned5 Qd7 11. Re1 Bh3 12. Bh1 f5 13. d3 f4 14. a3 Rab8 15. Rb1 Nxd5 16. Bxd5+ Kh8 17. Bg2 Nd4 18. f3 Be6 19. e3 fxe3 20. Bxe3 a6 21. b4 b5 22. cxb5 cxb4 23. axb4 Nxb5 24. Ne4 Rfc8 25. Qd2 Bd5 26. Ra1 Rc6 27. Rec1 Rbc8 28. Rxc6 Rxc6 29. Rc1 Rxc1+ 30. Qxc1 Qc6 31. Bh3 Qxc1+ 32. Bxc1 Bxe4 33. dxe4 d5 34. exd5 Nc3 35. Bd2 Nxd5 36. Be6 Nc7 37. Bc4 Bf6 38. Kf2 Kg7 39. Ke2 Nb5 40. Kd3 Be7 41. Bxb5 axb5 42. Ke4 1-0

[Event "Targo Mures Open 2019"]
[Site "Targo Mures"]
[Date "2019.10.19"]
[Round "5.4"]
[White "Manea, Alexandru"]
[Black "Filip, Lucian-Ioan"]
[Result "1/2-1/2"]
[ECO "B30"]
[WhiteElo "2305"]
[BlackElo "2418"]
[Annotator "NA"]
[PlyCount "33"]
[EventDate "2019.03.02"]
[EventType "swiss"]
[EventCountry "ROU"]
[SourceTitle "playchess.com"]
[Source "ChessBase"]
[SourceQuality "1"]
[TimeControl "5400+30"]

1. e4 c5 2. Nf3 Nc6 3. Nc3 e5 4. Bc4 Be7 5. d3 d6 6. Nd2 Nf6 7. Nf1 Bg4 8. f3 Be6 9. Ne3 O-O 10. Bd2 Nd7 11. Ncd5 Nb6 12. Nxe7+ Nxe7 13. O-O d5 14. exd5 Nexd5 15. Nxd5 Bxd5 16. Bxd5 Nxd5 17. Re1 1/2-1/2

[Event "Targo Mures Open 2019"]
[Site "Targo Mures"]
[Date "2019.10.19"]
[Round "5.5"]
[White "Soltanici, Ruslan"]
[Black "Ognean, Mihnea-Ionut"]
[Result "0-1"]
[ECO "B31"]
[WhiteElo "2416"]
[BlackElo "2285"]
[Annotator "NA"]
[PlyCount "80"]
[EventDate "2019.03.02"]
[EventType "swiss"]
[EventCountry "ROU"]
[SourceTitle "playchess.com"]
[Source "ChessBase"]
[SourceQuality "1"]
[TimeControl "5400+30"]

1. e4 c5 2. Nf3 Nc6 3. Bb5 g6 4. O-O Bg7 5. Re1 e5 6. a3 Nge7 7. b4 d6 8. c3 O-O 9. d3 h6 10. Nbd2 b6 11. Bb2 f5 12. Nf1 Kh7 13. h3 a6 14. Ba4 Ra7 15. Ne3 Rc7 16. Bb3 g5 17. exf5 Nxf5 18. Nxf5 Bxf5 19. Bd5 Ne7 20. Be4 Ng6 21. bxc5 dxc5 22. Qa4 c4 23. Rad1 Bxe4 24. dxe4 Qc8 25. Nh2 b5 26. Qc2 Nf4 27. a4 Rcf7 28. Ba3 Rd8 29. Ng4 Rd3 30. axb5 axb5 31. Ne3 Qa8 32. Bc1 Qxe4 33. f3 Qg6 34. Ng4 Rfd7 35. Rxd3 cxd3 36. Qd2 Ne2+ 37. Kf2 Rf7 38. Qe3 e4 39. Bd2 h5 40. Nh2 Be5 0-1

[Event "Targo Mures Open 2019"]
[Site "Targo Mures"]
[Date "2019.10.19"]
[Round "5.6"]
[White "Vladescu, Alin-Cristian"]
[Black "Vasiesiu, Dan"]
[Result "1/2-1/2"]
[ECO "A48"]
[WhiteElo "2004"]
[BlackElo "2392"]
[Annotator "NA"]
[PlyCount "95"]
[EventDate "2019.03.02"]
[EventType "swiss"]
[EventCountry "ROU"]
[SourceTitle "playchess.com"]
[Source "ChessBase"]
[SourceQuality "1"]
[TimeControl "5400+30"]

1. d4 Nf6 2. Nf3 g6 3. Bf4 Bg7 4. e3 d6 5. h3 O-O 6. Nbd2 b6 7. c3 Bb7 8. Bc4 Nbd7 9. O-O e6 10. a4 a5 11. Re1 Qe7 12. e4 e5 13. dxe5 dxe5 14. Bg5 Rad8 15. Qc2 h6 16. Bxf6 Qxf6 17. b4 Ra8 18. g3 Rfd8 19. Kg2 Bf8 20. Qb3 Bd6 21. Bd3 Bf8 22. Bc2 axb4 23. cxb4 Nb8 24. a5 Nc6 25. axb6 cxb6 26. Rxa8 Bxa8 27. b5 Nd4 28. Nxd4 exd4 29. Bd1 Qe7 30. Bf3 Rc8 31. Qd3 Qb4 32. Rb1 Rc3 33. Rxb4 Rxd3 34. Rb2 Bb7 35. Nc4 Bc5 36. Ne5 Ra3 37. Nc6 Bc8 38. Rd2 Ra4 39. g4 Be6 40. Be2 g5 41. Nd8 Kg7 42. Nxe6+ fxe6 43. e5 Kf7 44. Bd3 Ra3 45. Kf3 Ke7 46. Rd1 Ra2 47. Rf1 Ra8 48. Ke4 1/2-1/2

[Event "Targo Mures Open 2019"]
[Site "Targo Mures"]
[Date "2019.10.19"]
[Round "5.7"]
[White "Maier, Marius-Alin"]
[Black "Petre, Nad-Titus"]
[Result "0-1"]
[ECO "B41"]
[WhiteElo "1939"]
[BlackElo "2306"]
[Annotator "NA"]
[PlyCount "58"]
[EventDate "2019.03.02"]
[EventType "swiss"]
[EventCountry "ROU"]
[SourceTitle "playchess.com"]
[Source "ChessBase"]
[SourceQuality "1"]
[TimeControl "5400+30"]

1. e4 c5 2. Nf3 e6 3. d4 cxd4 4. Nxd4 a6 5. g3 Nc6 6. Bg2 Nf6 7. O-O Qc7 8. Re1 d6 9. Nc3 Be7 10. Nxc6 bxc6 11. e5 dxe5 12. Rxe5 O-O 13. Qe1 Bb7 14. Na4 Nd7 15. Rh5 c5 16. Bf4 Qc8 17. Bxb7 Qxb7 18. Rd1 g6 19. Rh3 Rfd8 20. b3 Nf6 21. g4 Nxg4 22. Rhd3 Rxd3 23. Rxd3 c4 24. Rd2 Qf3 25. Bg3 Bg5 26. Rd4 Ne3 27. fxe3 Bxe3+ 28. Bf2 Bxd4 29. Nb6 Rd8 0-1

[Event "Targo Mures Open 2019"]
[Site "Targo Mures"]
[Date "2019.10.19"]
[Round "5.8"]
[White "Daianu, Cristian-Clement"]
[Black "Bilescu, Lucian-Wolfgang"]
[Result "1-0"]
[ECO "C05"]
[WhiteElo "2206"]
[BlackElo "1856"]
[Annotator "NA"]
[PlyCount "61"]
[EventDate "2019.03.02"]
[EventType "swiss"]
[EventCountry "ROU"]
[SourceTitle "playchess.com"]
[Source "ChessBase"]
[SourceQuality "1"]
[TimeControl "5400+30"]

1. e4 e6 2. d4 d5 3. Nd2 Nf6 4. e5 Nfd7 5. Bd3 c5 6. c3 Nc6 7. Ngf3 g5 8. Nb3 h6 9. Bc2 Qc7 10. O-O c4 11. Nbd2 Bg7 12. b3 b5 13. a4 b4 14. bxc4 Ne7 15. cxb4 dxc4 16. Qe2 Nb6 17. a5 Nbd5 18. Qxc4 Qxc4 19. Nxc4 O-O 20. b5 Bd7 21. Nd6 Rab8 22. Bd3 Rfd8 23. Nd2 Nc3 24. Ba3 Ned5 25. Bc5 Nxb5 26. a6 Ndc3 27. N2e4 Nxe4 28. Bxe4 f5 29. Bb7 Bf8 30. Rfb1 Bxd6 31. exd6 1-0

[Event "Targo Mures Open 2019"]
[Site "Targo Mures"]
[Date "2019.10.19"]
[Round "5.9"]
[White "Illes, Sandor-Ferenc"]
[Black "Titu, Maiorescu-Dorin"]
[Result "0-1"]
[ECO "B01"]
[WhiteElo "1905"]
[BlackElo "2147"]
[Annotator "NA"]
[PlyCount "44"]
[EventDate "2019.03.02"]
[EventType "swiss"]
[EventCountry "ROU"]
[SourceTitle "playchess.com"]
[Source "ChessBase"]
[SourceQuality "1"]
[TimeControl "5400+30"]

1. e4 d5 2. exd5 Nf6 3. Nf3 Nxd5 4. d4 g6 5. c4 Nb6 6. Nc3 Bg7 7. c5 Nd5 8. Bc4 Nxc3 9. bxc3 O-O 10. O-O b6 11. Ng5 Bb7 12. Re1 h6 13. Nxf7 Rxf7 14. Qb3 Qf8 15. cxb6 axb6 16. Ba3 Nc6 17. Re3 Bf6 18. Rae1 Re8 19. Rf3 Kg7 20. Qb5 Na7 21. Qd7 Bxf3 22. Qxc7 Rc8 0-1

[Event "Targo Mures Open 2019"]
[Site "Targo Mures"]
[Date "2019.10.19"]
[Round "5.10"]
[White "Chiriac, Daniel"]
[Black "Filip, Andrei"]
[Result "1/2-1/2"]
[ECO "A17"]
[WhiteElo "1836"]
[BlackElo "2047"]
[Annotator "NA"]
[PlyCount "67"]
[EventDate "2019.03.02"]
[EventType "swiss"]
[EventCountry "ROU"]
[SourceTitle "playchess.com"]
[Source "ChessBase"]
[SourceQuality "1"]
[TimeControl "5400+30"]

1. c4 Nf6 2. Nc3 e6 3. g3 c5 4. Bg2 Nc6 5. Nf3 Be7 6. O-O O-O 7. b3 d5 8. cxd5 exd5 9. d4 Ne4 10. Nxe4 dxe4 11. Ne5 Nxd4 12. e3 Nb5 13. Qxd8 Rxd8 14. Bxe4 Bh3 15. Bxb7 Bxf1 16. Bxa8 Bh3 17. Bf3 Bf6 18. Bb2 Rd2 19. Rb1 Nd6 20. e4 h6 21. a4 a6 22. Ba1 Rc2 23. Re1 Ra2 24. Rd1 Ra3 25. Re1 Rxb3 26. Bg2 Bxg2 27. Kxg2 Ra3 28. f4 Rxa4 29. Kf3 Ra3+ 30. Kg4 Nxe4 31. Rxe4 Rxa1 32. Nd7 Rc1 33. Re8+ Kh7 34. Nf8+ 1/2-1/2

[Event "Targo Mures Open 2019"]
[Site "Targo Mures"]
[Date "2019.10.19"]
[Round "5.11"]
[White "Rusan, Paul-Cristian"]
[Black "Porfireanu, Serban"]
[Result "1-0"]
[ECO "B07"]
[WhiteElo "2105"]
[BlackElo "1811"]
[Annotator "NA"]
[PlyCount "59"]
[EventDate "2019.03.02"]
[EventType "swiss"]
[EventCountry "ROU"]
[SourceTitle "playchess.com"]
[Source "ChessBase"]
[SourceQuality "1"]
[TimeControl "5400+30"]

1. e4 d6 2. d4 Nf6 3. Nc3 g6 4. Be3 Bg7 5. Qd2 Ng4 6. Bg5 h6 7. Bh4 g5 8. Bg3 e5 9. Nf3 exd4 10. Nxd4 Nc6 11. Bb5 Bd7 12. Bxc6 bxc6 13. h4 Qe7 14. hxg5 Qxg5 15. f4 Qc5 16. O-O-O O-O 17. e5 Rad8 18. Bh4 Rb8 19. Rhe1 Qb4 20. Nb3 d5 21. Kb1 Nxe5 22. Nxd5 Qxd2 23. Ne7+ Kh7 24. Rxd2 Nc4 25. Rxd7 Nxb2 26. Nxc6 Rb6 27. Rxc7 Na4 28. Ne5 f6 29. Nd7 Rf7 30. Nxb6 1-0

[Event "Targo Mures Open 2019"]
[Site "Targo Mures"]
[Date "2019.10.19"]
[Round "5.12"]
[White "Paraschiv, Paul-Alexandru"]
[Black "Badelita, Beniamin"]
[Result "1-0"]
[ECO "A80"]
[WhiteElo "2023"]
[BlackElo "1792"]
[Annotator "NA"]
[PlyCount "99"]
[EventDate "2019.03.02"]
[EventType "swiss"]
[EventCountry "ROU"]
[SourceTitle "playchess.com"]
[Source "ChessBase"]
[SourceQuality "1"]
[TimeControl "5400+30"]

1. d4 f5 2. Bg5 Nf6 3. Bxf6 exf6 4. e3 d5 5. c4 Bb4+ 6. Nc3 O-O 7. Qb3 Bxc3+ 8. bxc3 c6 9. cxd5 cxd5 10. Nh3 Nc6 11. Nf4 Ne7 12. g3 g5 13. Nd3 b6 14. h4 Ba6 15. hxg5 fxg5 16. Rh5 Ng6 17. Nb4 Bxf1 18. Kxf1 f4 19. gxf4 gxf4 20. Rxd5 Qe8 21. Rd8+ Qf7 22. Rxa8 Rxa8 23. Ke2 Rc8 24. Kd3 b5 25. Qxf7+ Kxf7 26. a4 a5 27. Nd5 fxe3 28. fxe3 bxa4 29. Rxa4 Ra8 30. c4 h5 31. c5 h4 32. c6 Ne7 33. Nxe7 Kxe7 34. d5 Kd6 35. Kd4 h3 36. e4 h2 37. Ra1 a4 38. e5+ Kc7 39. Rb1 a3 40. Rb7+ Kc8 41. Rh7 Ra4+ 42. Kc5 Kb8 43. Rh8+ Ka7 44. c7 h1=Q 45. Rxh1 Kb7 46. Kd6 Rc4 47. Rb1+ Ka7 48. Ra1 Kb7 49. Rxa3 Rxc7 50. Ra7+ 1-0

[Event "Targo Mures Open 2019"]
[Site "Targo Mures"]
[Date "2019.10.20"]
[Round "6.1"]
[White "Istratescu, Andrei"]
[Black "Anton, Teodor"]
[Result "1/2-1/2"]
[ECO "D37"]
[WhiteElo "2564"]
[BlackElo "2445"]
[Annotator "ChessBase"]
[PlyCount "117"]
[EventDate "2019.03.02"]
[EventType "swiss"]
[EventCountry "ROU"]
[SourceTitle "playchess.com"]
[Source "ChessBase"]
[SourceQuality "1"]
[TimeControl "5400+30"]

1. d4 Nf6 2. c4 e6 3. Nf3 d5 4. Nc3 Be7 5. Bf4 O-O 6. e3 Nbd7 7. c5 c6 8. h3 b6 9. b4 a5 10. a3 Bb7 11. Bd3 Qc8 12. O-O Ba6 13. Rb1 Bxd3 14. Qxd3 axb4 15. axb4 Qb7 16. Qc2 Ra3 17. Nd2 b5 18. Nb3 Raa8 19. Na5 Qc8 20. Ra1 Bd8 21. Nb3 Rxa1 22. Rxa1 Bc7 23. Bxc7 Qxc7 24. f4 Rc8 25. Nd2 g6 26. Ra6 Kg7 27. Qa2 Rb8 28. Qa5 Rb7 29. Qxc7 Rxc7 30. Kf2 Ng8 31. g4 f6 32. Nf3 Ne7 33. g5 fxg5 34. Nxg5 Nf8 35. Nb1 h6 36. Nf3 Nd7 37. Nbd2 Kf6 38. Ne5 Nxe5 39. dxe5+ Kf7 40. Nf3 Nf5 41. Ra8 Kg7 42. Ke2 Kf7 43. Kd3 Kg7 44. Nh2 Ng3 45. Ng4 Ne4 46. h4 Rf7 47. Ra6 Rc7 48. Kc2 Kf8 49. Kd3 Kg7 50. Kd4 g5 51. fxg5 hxg5 52. h5 Ng3 53. Nf6 Kh6 54. Ra8 Nf5+ 55. Kd3 g4 56. Nxg4+ Kxh5 57. Nf6+ Kg6 58. Rg8+ Rg7 59. Rxg7+ 1/2-1/2

[Event "Targo Mures Open 2019"]
[Site "Targo Mures"]
[Date "2019.10.20"]
[Round "6.2"]
[White "Ognean, Mihnea-Ionut"]
[Black "Manolache, Marius"]
[Result "0-1"]
[ECO "B09"]
[WhiteElo "2285"]
[BlackElo "2548"]
[Annotator "ChessBase"]
[PlyCount "144"]
[EventDate "2019.03.02"]
[EventType "swiss"]
[EventCountry "ROU"]
[SourceTitle "playchess.com"]
[Source "ChessBase"]
[SourceQuality "1"]
[TimeControl "5400+30"]

1. d4 d6 2. e4 Nf6 3. Nc3 g6 4. f4 Bg7 5. Nf3 O-O 6. e5 dxe5 7. fxe5 Nh5 8. Bc4 c5 9. dxc5 Qxd1+ 10. Nxd1 Nc6 11. e6 Bxe6 12. Bxe6 fxe6 13. O-O Rad8 14. c3 Ne5 15. Be3 Nf4 16. g3 Nxf3+ 17. Rxf3 Nd3 18. Rxf8+ Kxf8 19. Kf1 Rc8 20. c6 b6 21. a4 Rxc6 22. a5 Ne5 23. axb6 axb6 24. Ra7 Bf6 25. Ke2 Nc4 26. Bc1 h5 27. Nf2 b5 28. Nd3 Rc8 29. h3 Kf7 30. Nf2 Nd6 31. Be3 g5 32. g4 hxg4 33. hxg4 Rc4 34. Bd2 Rc8 35. Kf3 Nc4 36. Bc1 b4 37. Ne4 Kg6 38. Kg3 bxc3 39. bxc3 Nd6 40. Ra4 Bxc3 41. Be3 Be5+ 42. Kf3 Rf8+ 43. Kg2 Bf4 44. Bf2 Nxe4 45. Rxe4 Kf6 46. Ra4 Rd8 47. Kf3 Rd3+ 48. Ke4 Rd2 49. Kf3 e5 50. Ra6+ Kf7 51. Ra4 Rb2 52. Rc4 Ra2 53. Rb4 Ke6 54. Rc4 Kd6 55. Bb6 Ra3+ 56. Ke4 Rg3 57. Bf2 Rb3 58. Ra4 Rb2 59. Kf3 e6 60. Bg1 Bd2 61. Ke4 Rb1 62. Bf2 Rf1 63. Bg3 Bf4 64. Ra6+ Ke7 65. Ra3 Kf6 66. Ra8 Rb1 67. Bf2 Rb4+ 68. Kd3 e4+ 69. Kc3 Rb5 70. Kd4 e3 71. Be1 Rb1 72. Bc3 Be5+ 0-1

[Event "Targo Mures Open 2019"]
[Site "Targo Mures"]
[Date "2019.10.20"]
[Round "6.3"]
[White "Jianu, Vlad-Cristian"]
[Black "Filip, Lucian-Ioan"]
[Result "1/2-1/2"]
[ECO "E12"]
[WhiteElo "2529"]
[BlackElo "2418"]
[Annotator "ChessBase"]
[PlyCount "31"]
[EventDate "2019.03.02"]
[EventType "swiss"]
[EventCountry "ROU"]
[SourceTitle "playchess.com"]
[Source "ChessBase"]
[SourceQuality "1"]
[TimeControl "5400+30"]

1. d4 e6 2. c4 Nf6 3. Nf3 b6 4. a3 Bb7 5. Nc3 d5 6. cxd5 Nxd5 7. Qc2 Be7 8. e4 Nxc3 9. bxc3 O-O 10. Bd3 c5 11. O-O Qc7 12. Qe2 Rd8 13. Rd1 Bf6 14. Be3 Nc6 15. Rac1 Na5 16. Rb1 1/2-1/2

[Event "Targo Mures Open 2019"]
[Site "Targo Mures"]
[Date "2019.10.20"]
[Round "6.4"]
[White "Petre, Nad-Titus"]
[Black "Daianu, Cristian-Clement"]
[Result "1-0"]
[ECO "A80"]
[WhiteElo "2306"]
[BlackElo "2206"]
[Annotator "ChessBase"]
[PlyCount "93"]
[EventDate "2019.03.02"]
[EventType "swiss"]
[EventCountry "ROU"]
[SourceTitle "playchess.com"]
[Source "ChessBase"]
[SourceQuality "1"]
[TimeControl "5400+30"]

1. d4 f5 2. Nc3 Nf6 3. Bg5 d5 4. Bxf6 exf6 5. e3 c6 6. Bd3 Bd6 7. Qf3 g6 8. Nge2 Nd7 9. h3 Nf8 10. g4 fxg4 11. hxg4 Qe7 12. O-O-O Be6 13. e4 dxe4 14. Nxe4 O-O-O 15. Nxd6+ Rxd6 16. Qe3 Qd8 17. f3 Bf7 18. Nc3 Rd7 19. Be4 Kb8 20. f4 g5 21. fxg5 fxg5 22. Bxc6 Rc7 23. Be4 a6 24. d5 Qd6 25. Qxg5 Bg6 26. Rhf1 Rxc3 27. Bxg6 Nxg6 28. bxc3 Qa3+ 29. Kb1 Rc8 30. Qc1 Qa5 31. Rf5 Rc5 32. Rd3 Ne7 33. Qf4+ Ka7 34. Rf8 Rb5+ 35. Kc1 Qa3+ 36. Kd2 Nxd5 37. Qb8+ Kb6 38. Qd8+ Ka7 39. Rf5 Nb6 40. Rxb5 Nc4+ 41. Ke2 axb5 42. Qd4+ Ka6 43. Qf6+ Ka7 44. Rd8 Nb6 45. Qd4 Qxa2 46. Rd6 Qxc2+ 47. Kf3 1-0

[Event "Targo Mures Open 2019"]
[Site "Targo Mures"]
[Date "2019.10.20"]
[Round "6.5"]
[White "Titu, Maiorescu-Dorin"]
[Black "Manea, Alexandru"]
[Result "0-1"]
[ECO "A08"]
[WhiteElo "2147"]
[BlackElo "2305"]
[Annotator "ChessBase"]
[PlyCount "94"]
[EventDate "2019.03.02"]
[EventType "swiss"]
[EventCountry "ROU"]
[SourceTitle "playchess.com"]
[Source "ChessBase"]
[SourceQuality "1"]
[TimeControl "5400+30"]

1. Nf3 Nf6 2. g3 d5 3. Bg2 c5 4. d3 Nc6 5. O-O e6 6. Nbd2 Be7 7. e4 O-O 8. Re1 b5 9. e5 Nd7 10. Nf1 Qc7 11. Bf4 Bb7 12. h4 Rfc8 13. h5 h6 14. c3 a5 15. Rc1 a4 16. Ne3 Qd8 17. Ng4 Bf8 18. Qd2 c4 19. d4 b4 20. Rb1 a3 21. bxa3 bxc3 22. Qxc3 Rxa3 23. Qc1 Ra7 24. Bd2 Rca8 25. Ne3 Bc8 26. Nxc4 dxc4 27. Qxc4 Ne7 28. Bb4 Nb6 29. Qb3 Nbd5 30. a3 Nc6 31. Bxf8 Qxf8 32. Qc2 Bd7 33. Rec1 Qxa3 34. Qd2 Qa5 35. Qd3 Qa3 36. Qd2 Qe7 37. Ne1 Ra2 38. Qd1 Ncb4 39. Be4 Be8 40. Qf3 R2a3 41. Rb3 Rxb3 42. Qxb3 Qg5 43. Qd1 Rd8 44. Kh2 Ba4 45. f4 Bxd1 46. fxg5 Bxh5 47. gxh6 gxh6 0-1

[Event "Targo Mures Open 2019"]
[Site "Targo Mures"]
[Date "2019.10.20"]
[Round "6.6"]
[White "Vasiesiu, Dan"]
[Black "Panc, Samuel"]
[Result "1-0"]
[ECO "B29"]
[WhiteElo "2392"]
[BlackElo "1873"]
[Annotator "ChessBase"]
[PlyCount "119"]
[EventDate "2019.03.02"]
[EventType "swiss"]
[EventCountry "ROU"]
[SourceTitle "playchess.com"]
[Source "ChessBase"]
[SourceQuality "1"]
[TimeControl "5400+30"]

1. e4 c5 2. Nf3 Nf6 3. e5 Nd5 4. Nc3 Nxc3 5. dxc3 Nc6 6. Bf4 Qb6 7. b3 Qc7 8. Qd2 e6 9. O-O-O a6 10. h4 b5 11. h5 h6 12. Kb1 c4 13. Rh4 Ne7 14. Qe1 Bb7 15. Bd2 Nd5 16. bxc4 bxc4 17. Bxc4 Nb6 18. Bb3 a5 19. a4 Bd5 20. Nd4 Bc4 21. Nb5 Bxb5 22. axb5 a4 23. Ba2 Qc5 24. Qe2 Ra5 25. c4 Ra7 26. Rg4 a3 27. Ka1 Na4 28. Bb3 d5 29. Qe3 d4 30. Qxd4 Qxd4+ 31. Rxd4 Bc5 32. Rf4 Nb6 33. Be3 Bxe3 34. fxe3 Nd7 35. Rxd7 Rxd7 36. c5 Ke7 37. c6 Rc7 38. Ra4 Rb8 39. Ra5 f6 40. Ka2 fxe5 41. c4 Kd6 42. Kxa3 Kc5 43. Ra6 e4 44. Ka4 Rf7 45. Ka5 Rc7 46. Ba4 e5 47. b6 Rxc6 48. Bxc6 Kxc6 49. b7+ Kc5 50. Rb6 Kxc4 51. Ka6 Kd3 52. Rb3+ Ke2 53. Ka7 Rf8 54. b8=Q Rxb8 55. Kxb8 Kf2 56. Kc7 Kxg2 57. Kd6 Kf3 58. Kxe5 Kg4 59. Rb7 Kxh5 60. Rxg7 1-0

[Event "Targo Mures Open 2019"]
[Site "Targo Mures"]
[Date "2019.10.20"]
[Round "6.7"]
[White "Velcherean, Vasile-Adrian"]
[Black "Banzea, Alexandru-Bogdan"]
[Result "0-1"]
[ECO "D37"]
[WhiteElo "1925"]
[BlackElo "2389"]
[Annotator "ChessBase"]
[PlyCount "80"]
[EventDate "2019.03.02"]
[EventType "swiss"]
[EventCountry "ROU"]
[SourceTitle "playchess.com"]
[Source "ChessBase"]
[SourceQuality "1"]
[TimeControl "5400+30"]

1. d4 Nf6 2. Nf3 d5 3. c4 e6 4. Nc3 a6 5. cxd5 exd5 6. Bg5 Be6 7. e3 Nbd7 8. a4 h6 9. Bh4 g5 10. Bg3 Nh5 11. Bd3 Nxg3 12. hxg3 Bg7 13. Qc2 c6 14. O-O h5 15. Bf5 Qf6 16. Bxe6 fxe6 17. Rfd1 h4 18. gxh4 g4 19. Ne5 Nxe5 20. dxe5 Qxh4 21. Qg6+ Kf8 22. Kf1 Rh6 23. Qc2 Qh1+ 24. Ke2 Qxg2 25. Rg1 Qf3+ 26. Ke1 g3 27. Qe2 gxf2+ 28. Qxf2 Qxf2+ 29. Kxf2 Rh2+ 30. Rg2 Rxg2+ 31. Kxg2 Bxe5 32. Rh1 b5 33. Rh6 Ke7 34. Kf3 Rh8 35. Rxh8 Bxh8 36. axb5 cxb5 37. Nd1 a5 38. e4 a4 39. exd5 exd5 40. Ke3 b4 {[%emt 0:01:38] Kd4} 0-1

[Event "Targo Mures Open 2019"]
[Site "Targo Mures"]
[Date "2019.10.20"]
[Round "6.8"]
[White "Stegariu, Alexandru"]
[Black "Vladescu, Alin-Cristian"]
[Result "1-0"]
[ECO "E90"]
[WhiteElo "2146"]
[BlackElo "2004"]
[Annotator "ChessBase"]
[PlyCount "119"]
[EventDate "2019.03.02"]
[EventType "swiss"]
[EventCountry "ROU"]
[SourceTitle "playchess.com"]
[Source "ChessBase"]
[SourceQuality "1"]
[TimeControl "5400+30"]

1. d4 d6 2. c4 Nf6 3. Nc3 g6 4. e4 Bg7 5. Nf3 c6 6. Be2 a6 7. O-O O-O 8. d5 Nbd7 9. Re1 c5 10. h3 Ne8 11. Bf4 Nc7 12. Bf1 Rb8 13. a4 b6 14. Qd2 Ne5 15. Nxe5 dxe5 16. Be3 a5 17. Bg5 f6 18. Bh4 g5 19. Bg3 Ne8 20. Be2 Nd6 21. b3 Bd7 22. Qd1 Qc8 23. h4 h6 24. Bh5 Be8 25. Ra2 Bxh5 26. Qxh5 Qe8 27. Qg4 Qf7 28. Rd2 Rbd8 29. Qe6 Rfe8 30. f3 Qxe6 31. dxe6 Bf8 32. Red1 Rc8 33. Bf2 Rc6 34. Kh2 Rec8 35. Kg3 Ne8 36. Rd8 Nd6 37. Rd7 Ne8 38. Rd8 Ng7 39. Rxc8 Rxc8 40. Rd7 Nxe6 41. Rb7 Rc6 42. Nd5 Nd4 43. Bxd4 cxd4 44. Rxe7 Rd6 45. Rb7 d3 46. Kf2 Rc6 47. Ke3 Bc5+ 48. Kxd3 Re6 49. h5 Rc6 50. Ke2 Re6 51. g3 Bd4 52. Kf1 g4 53. Ke2 Bc5 54. fxg4 Bd4 55. Kf3 Bc5 56. g5 fxg5 57. Kg4 Bf2 58. Kf5 Rd6 59. g4 Bd4 60. Nf6+ 1-0

[Event "Targo Mures Open 2019"]
[Site "Targo Mures"]
[Date "2019.10.20"]
[Round "6.9"]
[White "Ferenczi, Sandor-Levente"]
[Black "Rusan, Paul-Cristian"]
[Result "0-1"]
[ECO "E83"]
[WhiteElo "1902"]
[BlackElo "2105"]
[Annotator "ChessBase"]
[PlyCount "79"]
[EventDate "2019.03.02"]
[EventType "swiss"]
[EventCountry "ROU"]
[SourceTitle "playchess.com"]
[Source "ChessBase"]
[SourceQuality "1"]
[TimeControl "5400+30"]

1. e4 g6 2. d4 Bg7 3. c4 d6 4. Nc3 Nf6 5. f3 O-O 6. Be3 Nc6 7. Qd2 a6 8. O-O-O Re8 9. g4 e5 10. Nge2 b5 11. d5 Na5 12. Ng3 Nxc4 13. Bxc4 bxc4 14. h4 Nd7 15. h5 Nc5 16. Bxc5 dxc5 17. hxg6 hxg6 18. g5 Rb8 19. Rh2 Rb6 20. Kb1 Bd7 21. Rdh1 Qe7 22. d6 Rxd6 23. Nd5 Rxd5 24. Qxd5 Be6 25. Qd2 Rd8 26. Qc1 Rd3 27. Rf2 Qd8 28. Rff1 c3 29. Rd1 cxb2 30. Qc2 c4 31. Ne2 c6 32. Kxb2 Bf8 33. Ka1 Qa5 34. Rh2 Bb4 35. Rf2 Bd2 36. Rb1 Bxg5 37. Nc1 Ra3 38. Rh2 Kg7 39. Rb8 Rc3 40. Rh7+ {[%emt 0:00:52] Ra3 Rh1} 0-1

[Event "Targo Mures Open 2019"]
[Site "Targo Mures"]
[Date "2019.10.20"]
[Round "6.10"]
[White "Filip, Andrei"]
[Black "Chiheri, Alexandru-Virgil"]
[Result "1-0"]
[ECO "B85"]
[WhiteElo "2047"]
[BlackElo "1871"]
[Annotator "NA"]
[PlyCount "103"]
[EventDate "2019.03.02"]
[EventType "swiss"]
[EventCountry "ROU"]
[SourceTitle "playchess.com"]
[Source "ChessBase"]
[SourceQuality "1"]
[TimeControl "5400+30"]

1. e4 c5 2. Nf3 d6 3. d4 cxd4 4. Nxd4 Nf6 5. Nc3 a6 6. Be2 e6 7. O-O Nbd7 8. f4 Qc7 9. Qe1 {[%emt 0:01:13] B84: Sicilian Scheveningen: 6 Be2 a6, lines without early Be3} (9. a4 b6 10. Bf3 Bb7 11. Kh1 Be7 12. f5 e5 13. Nb3 Rc8 14. Bg5 Qb8 15. Qe2 O-O 16. Rad1 Rfe8 17. Nc1 h6 18. Bh4 d5 19. exd5 {0-1 (45) Azarov,S (2577)-Hou,Y (2649) Bastia 2016}) 9... b5 10. Bf3 Bb7 11. Kh1 b4 12. e5 $146 (12. Na4 $11 {remains equal.}) ({Predecessor:} 12. Nd1 Be7 13. a3 Qc4 14. e5 Bxf3 15. Nxf3 Nd5 16. exd6 Bxd6 17. f5 O-O 18. fxe6 {1-0 (34) Ponizil,C (2304)-Jasny,S (2347) Czechia 2010}) 12... bxc3 13. exf6 Nxf6 14. Bxb7 Qxb7 15. Qxc3 Be7 16. Qc6+ Qxc6 17. Nxc6 Bf8 18. Be3 Kd7 19. Nd4 Be7 20. c4 Rhc8 21. Rfc1 d5 22. Nf3 Bc5 23. Bxc5 Rxc5 24. b4 Rc7 25. c5 Ne4 26. Ne5+ Ke7 27. Nd3 Nd2 28. Rc2 Nc4 29. a4 f6 30. Re1 $14 Rb8 31. Rce2 Rc6 32. b5 axb5 33. Nb4 Rxc5 34. Na6 Rbc8 35. Rxe6+ Kf7 36. Nxc5 Rxc5 37. f5 Ne5 38. a5 d4 39. a6 d3 40. a7 d2 41. Rg1 Rc1 42. Rd6 Rc8 43. Rb6 Nd7 44. Rxb5 Ra8 45. Rb7 Ke7 46. Rd1 Rc8 47. h3 Rc1 48. Rb1 Rxb1 49. Rxb1 Nb6 50. Rd1 Kd6 51. Rxd2+ Kc7 52. Rb2 1-0